 Dungeon Crawl Stone Soup version 0.32-a0-630-g46d191b0ed (webtiles) character file.

Game seed: 10315962275665359654

95 dialectric the Poker (level 4, 0/34 HPs)
             Began as a Coglin Gladiator on Mar 7, 2024.
             Slain by a hound (3 damage)
             ... on level 3 of the Dungeon.
             The game lasted 00:01:22 (1500 turns).

dialectric the Poker (Coglin Gladiator)             Turns: 1500, Time: 00:01:22

Health: 0/34       AC:  4    Str: 14    XL:     4   Next: 66%
Magic:  4/4        EV: 13    Int:  8    God:
Gold:   181        SH:  0    Dex: 17    Spells: 3/3 levels left

rFire   + . .        a - +0 trident {Byeongho}
rCold   + . .        f - +0 dagger {Jihoo}
rNeg    . . .        b - +0 leather armour
rPois   +            c - +0 helmet
rElec   +            (no cloak)
rCorr   +            (no gloves)
SInv    .            (no boots)
Will    .....        (amulet unavailable)
Stlth   ++           (ring unavailable)
HPRegen 0.25/turn    (ring unavailable)
MPRegen 0.09/turn    (no gizmo)

%: no passive effects
@: lethally poisoned (0 -> -1), resistant, revved
A: off-hand wielding, slow wielding, warmup strikes, no jewellery
a: Invent Gizmo


You were on level 3 of the Dungeon.
You visited 1 branch of the dungeon, and saw 3 of its levels.

You collected 181 gold pieces.

Inventory:

Hand Weapons
 a - a +0 trident (weapon) {Byeongho}
 f - a +0 dagger (offhand) {Jihoo}
Missiles
 d - 3 throwing nets (quivered)
 e - a javelin
 k - 6 poisoned darts
Armour
 b - a +0 leather armour (worn)
 c - a +0 helmet (worn)
Scrolls
 h - a scroll of revelation {unknown}
 i - a scroll of acquirement {unknown}
Potions
 j - a potion of curing {unknown}


   Skills:
 + Level 2.7 Fighting
 + Level 3.2 Polearms
 + Level 2.5 Throwing
 + Level 3.2 Dodging
 + Level 0.9 Stealth


You had 3 spell levels left.
You didn't know any spells.
Your spell library contained the following spells:

 Spells                   Type           Power      Damage    Failure   Level
 Ensorcelled Hibernation  Hex/Ice        0%         N/A       63%         2
 Passwall                 Erth           0%         N/A       86%         3
 Swiftness                Air            0%         N/A       86%         3


Dungeon Overview and Level Annotations

Branches:
Dungeon (3/15)

Altars:


Innate Abilities, Weirdness & Mutations

You can wield a second weapon in your off-hand.
It takes a long time for you to wield or remove held weapons.
Your first few attacks do less damage.
You cannot equip rings or amulets.


Message History

The adder is severely wounded.
You hit the adder with your +0 dagger.
You feel very sick. The adder bites you.
You are more poisoned.
The adder poisons you!
You closely miss the adder with your +0 trident.
The adder is almost dead.
You hit the adder with your +0 dagger.
You kill the adder!
You feel sick.
Unknown command.
You hit the endoplasm with your +0 dagger.
The endoplasm is heavily wounded.
You hit the endoplasm with your +0 trident.
You kill the endoplasm!
You feel very sick.
You hit the hobgoblin with your +0 trident.
The hobgoblin is lightly wounded.
You hit the hobgoblin with your +0 dagger.
You feel sick. The hobgoblin closely misses you.
You hit the hobgoblin with your +0 dagger.
The hobgoblin is almost dead.
You puncture the hobgoblin with your +0 trident!
You kill the hobgoblin!
You feel sick.
You hit the orc but do no damage. You hit the orc with your +0 trident.
You feel sick. The orc closely misses you. The orc hits you but does no damage.
You hit the orc but do no damage.
The orc is almost dead.
You hit the orc with your +0 trident.
You kill the orc!
You feel sick. The hound bites you.
* * * LOW HITPOINT WARNING * * *
You hit the hound but do no damage. x2; You feel sick.
The hound bites you.
* * * LOW HITPOINT WARNING * * *
It was a potion of resistance.
You feel protected.
You feel sick. The hound closely misses you. The hound bites you.
You die...

### #+##### # #. ###..
#.#...####. #. #.$..
#.##....##.###.
##..gJ##.##....##.....
#..oh†#...#')†..#.....
######h.#..######.....
+....@..#.......+.....
###..##.#.##..###.....
#.##..##.##..## #.....
#..##..#.#..## #.....
#...'.##.##.+ #.....
#..##.#...#.## #..###
#.##....#....# #..#
#..#..##+##..# #..#
##.#.## ##.# #..#


You could see a hound.

Vanquished Creatures
  6 adders
  A dart slug (D:3)
  A ribbon worm (D:2)
  An orc (D:3)
  2 bats (D:2)
  4 endoplasms
  5 goblins
  4 hobgoblins
  A jackal (D:3)
  2 kobolds
  6 ball pythons
  6 rats
39 creatures vanquished.

Notes
Turn   | Place    | Note
-------+----------+-------------------------------------------
     0 | D:1      | dialectric the Coglin Gladiator began the quest for the
                  | Orb.
     0 | D:1      | Reached XP level 1. HP: 16/16 MP: 1/1
   192 | D:1      | Reached XP level 2. HP: 21/22 MP: 2/2
   269 | D:1      | Found a faded altar of an unknown god.
   549 | D:2      | Reached XP level 3. HP: 28/28 MP: 3/3
   746 | D:2      | Reached XP level 4. HP: 28/34 MP: 4/4
  1500 | D:3      | Slain by a hound

Illustrated notes

Levels and vault maps discovered:
D:1:      grunt_arrival_lava_bath, layout_rooms,
          hellmonk_ecumenical_altar_inner_sanctum, minmay_tetromino_l2
D:2:      layout_basic
D:3:      layout_rooms, nicolae_hepliaklqana_hippocampus,
          gammafunk_temple_overflow_statue, serial_shops,
          nicolae_shop_window_shopping, minivault_5,
          chequers_serial_rivers_micro_c, minmay_pentangle

Skill      XL: |  1  2 |
---------------+-------+-----
Throwing       | 2 |  2.5
Polearms       | 3 |  3.2
Dodging        | 3 |  3.2
Fighting       | |  2.7
Stealth        | |  0.9

Action                     |  1- 3 |  4- 6 || total
---------------------------+-------+-------++-------
  Melee: Trident           |    57 |    37 ||    94
         Dagger            |    29 |    27 ||    56
    Use: Potion            |       |     1 ||     1
   Stab: Sleeping          |     3 |     2 ||     5
 Armour: Leather armour    |    22 |    16 ||    38
  Dodge: Dodged            |    18 |    11 ||    29

Table legend: (Time is in decaauts)
 A = Elapsed time spent in this place.
 B = Non-inter-level travel time spent in this place.
 C = Inter-level travel time spent in this place.
 D = Time resting spent in this place.
 E = Time spent auto-exploring this place.
 F = Levels seen in this place.
 G = Mean time per level.
                   A        B        C        D        E       F      G
               +--------+--------+--------+--------+--------+-----+--------+
         Total |   1507 |   1433 |     74 |      0 |   1201 |   3 |  502.3 |
       Dungeon |   1507 |   1433 |     74 |      0 |   1201 |   3 |  502.3 |
               +--------+--------+--------+--------+--------+-----+--------+

Top non-repeatable levels by time:
     D:2: 933 daAuts
     D:1: 485 daAuts
     D:3: 87 daAuts
